 Dungeon Crawl Stone Soup version 0.29-a0-9-g022ca4c890 (webtiles) character file.

Game seed: 11201750346252256633

36405 avis the Grappler (level 13, 0/112 (118) HPs)
             Began as a Hill Orc Transmuter on Jan 25, 2022.
             Was a High Priest of Beogh.
             Slain by a hell rat (1 damage)
             ... on level 4 of the Lair of Beasts on Jan 28, 2022.
             The game lasted 02:24:46 (28901 turns).

avis the Grappler (Hill Orc Transmuter)            Turns: 28901, Time: 02:24:46

HP:   0/112 (118)   AC:  8    Str: 13    XL:     13   Next: 90%
MP:   25/25         EV: 12    Int: 15    God:    Beogh [*****.]
Gold: 608           SH:  0    Dex: 17    Spells: 4/28 levels left

rFire   . . .      SeeInvis +     - Unarmed
rCold   + + +      Faith    +   (shield currently unavailable)
rNeg    . . .      Spirit   .   (armour currently unavailable)
rPois   +          Reflect  .   (helmet currently unavailable)
rElec   .          Harm     .   (cloak currently unavailable)
rCorr   .          Rampage  .   (gloves currently unavailable)
Will    .....                   (boots currently unavailable)
Stlth   ++++......              A - amulet of faith
HPRegen 0.28/turn               q - ring of Sunlight {rF+ rC+ Str-3 Dex+6}
MPRegen 0.19/turn               H - ring "Ulimiazu" {Fly SInv Stlth+}

@: ice-form, flying, drained
A: freezing attack, amphibious, boosted hp, walk on water, large, frail 1
a: End Transformation, Renounce Religion, Smiting, Recall Orcish Followers, Give
Item to Named Follower


You were on level 4 of the Lair of Beasts.
You worshipped Beogh.
Beogh was extremely pleased with you.
You were a creature of crystalline ice.
You visited 3 branches of the dungeon, and saw 18 of its levels.
You also visited: Volcano.

You collected 1018 gold pieces.
You spent 410 gold pieces at shops.

Inventory:

Hand Weapons
 a - the +6 quarterstaff "Beastslayer" (melded) {venom, Int+4}
   (You found it on level 4 of the Dungeon)

   It poisons the flesh of those it strikes.
   Int:       It affects your intelligence (+4).
 b - a +0 hunting sling of freezing
 c - a +3 scimitar of flaming
 k - the +5 scythe "Finisher" {speed, eviscerate}
   (You bought it in a shop on level 2 of the Dungeon)

   Attacks with this weapon are significantly faster.
   It may eviscerate those it strikes, slaying them instantly, with a decreasing
   chance against stronger foes.
 o - the +6 spear "Impbane" {vamp, Will- Str+4 Int+7}
   (You found it on level 5 of the Lair of Beasts)

   It occasionally heals its wielder for a portion of the damage dealt when it
   wounds a living foe.
   Str:       It affects your strength (+4).
   Int:       It affects your intelligence (+7).
   Will:      It decreases your willpower.
Missiles
 l - 6 throwing nets
Armour
 n - +1 steam dragon scales (melded)
 p - a +0 buckler
 s - a +0 helmet (melded)
Jewellery
 q - the ring of Sunlight (left front paw) {rF+ rC+ Str-3 Dex+6}
   (You found it on level 4 of the Dungeon)

   [ring of dexterity]

   Str:       It affects your strength (-3).
   Dex:       It affects your dexterity (+6).
   rF:        It protects you from fire.
   rC:        It protects you from cold.
 A - an amulet of faith (around neck)
 H - the ring "Ulimiazu" (right front paw) {Fly SInv Stlth+}
   (You acquired it on level 11 of the Dungeon)

   [ring of flight]

   SInv:      It lets you see invisible.
   Fly:       It grants you flight.
   Stlth:     It makes you more stealthy.
Wands
 h - a wand of acid (5)
 t - a wand of charming (7)
 C - a wand of flame (25)
 L - a wand of mindburst (26)
Scrolls
 f - 2 scrolls of fear
 g - 2 scrolls of blinking
 i - 9 scrolls of teleportation
 m - 5 scrolls of fog
 u - a scroll of noise
 P - a scroll of magic mapping
Potions
 d - a potion of lignification {unknown}
 e - 3 potions of might
 j - a potion of invisibility
 r - 4 potions of brilliance
 v - a potion of berserk rage
 z - 2 potions of haste
 D - a potion of resistance {unknown}
 E - a potion of ambrosia {unknown}
 I - a potion of degeneration {unknown}
 K - a potion of attraction {unknown}


   Skills:
 - Level 9.0 Fighting
 - Level 5.0 Armour
 - Level 5.0 Dodging
 - Level 5.0 Stealth
 - Level 13.0 Unarmed Combat
 - Level 8.0 Spellcasting
 * Level 9.6 Transmutations
 - Level 4.0 Ice Magic
 - Level 2.0 Poison Magic
 - Level 5.0 Invocations


You had 4 spell levels left.
You knew the following spells:

 Your Spells              Type           Power      Damage    Failure   Level
a - Beastly Appendage     Tmut           68%        N/A       1%          1
e - Wereblood             Tmut           34%        N/A       1%          2
h - Ensorcelled Hibernat  Hex/Ice        24%        N/A       8%          2
p - Spider Form           Tmut/Pois      23%        N/A       3%          3
q - Ice Form              Ice/Tmut       26%        N/A       8%          4
B - Blade Hands           Tmut           17%        N/A       6%          5
D - Dragon Form           Tmut           17%        N/A       89%         7

Your spell library contained the following spells:

 Spells                   Type           Power      Damage    Failure   Level
 Pain                     Necr           24%        1d5       12%         1
 Stone Arrow              Conj/Erth      12%        3d7       34%         3
 Animate Armour           Summ/Erth      12%        N/A       75%         4
 Animate Dead             Necr           3%         N/A       75%         4
 Flame Wave               Conj/Fire      6%         2d5       75%         4
 Irradiate                Conj/Tmut      10%        3d16      43%         5
 Agony                    Necr           6%         N/A       97%         5
 Borgnjor's Vile Clutch   Necr/Erth      3%         N/A       97%         5
 Excruciating Wounds      Necr           3%         N/A       97%         5
 Fireball                 Conj/Fire      3%         3d4       97%         5
 Death Channel            Necr           3%         N/A       100%        6
 Lehudib's Crystal Spear  Conj/Erth      3%         10d2      100%        8


Dungeon Overview and Level Annotations

Branches:
Dungeon (12/15)            Temple (1/1) D:5            Lair (5/6) D:8
  Swamp (0/4) Lair:2        Snake (0/4) Lair:3          Orc (0/2) D:11
Volcano (visited)
  Slime: Lair:5-6

Altars:
Ashenzari
Elyvilon
Hepliaklqana
Kikubaaqudgha
Sif Muna
Trog
Uskayaw
Vehumet
Xom
Yredelemnul
Zin
The Shining One
Beogh

Shops:
D:1 (   D:2 (

Annotations:
D:10 treasure behind fire


Innate Abilities, Weirdness & Mutations

You are a creature of crystalline ice.
You have a powerful freezing melee attack.
You are amphibious.
Your maximum health is increased.
Your armour is entirely melded.
You are incapable of wielding weapons or throwing items.
You can walk on water.
You are frail. (-10% HP)


Message History

The hell rat completely misses you. The hell rat bites you.
* * * LOW HITPOINT WARNING * * *
The hell rat barely misses you.
The water moccasin closely misses your orc knight.
There is a stone staircase leading up here.
What are your orders? t - Shout!
Orders for allies: a - Attack new target. r - Retreat! s - Stop attacking. g - Guard the area. f - Follow me.
Anything else - Cancel.
Okay, then.
You pummel the hell rat!! You freeze the hell rat.
You kill the hell rat!
Beogh accepts your kill.
The water moccasin bites your orc knight but does no damage.
The hell rat bites you.
* * * LOW HITPOINT WARNING * * *
Your orc knight hits the hell rat but does no damage.
Your orc knight hits the water moccasin with a +0 hand axe!
What are your orders? t - Shout!
Orders for allies: a - Attack new target. r - Retreat! s - Stop attacking. g - Guard the area. f - Follow me.
Anything else - Cancel.
Follow me!
The hell rat closely misses you.
The water moccasin bites your orc knight.
The hell rat closely misses you. The hell rat bites you!
* * * LOW HITPOINT WARNING * * *
The hell rat closely misses you. The hell rat bites you!
* * * LOW HITPOINT WARNING * * *
You fly upwards.
There is a stone staircase leading down here.
You feel better. The hell rat bites you.
* * * LOW HITPOINT WARNING * * *
The hell rat bites you!
* * * LOW HITPOINT WARNING * * *
You feel drained.
You die...

####P....## #..<.
########...# ##...
###.#.##....## #####P
#............####.##..
#............##.......
###..........#........
#..........##.......
#.r........###......
#.oYr.......##...+..
##.P#...#####.###...
#P.P##### ####....
##.....# ##... #####.#
##.# ####.## #####
###.#...########.##.
##.........##.##.##..
#..)........#.....'..


You could see 2 hell rats and a friendly orc knight.

Vanquished Creatures
  2 fire dragons
  Harold (D:8)
  A boulder beetle (Lair:3)
  A death knight (D:10)
  3 hydras
  2 death yaks (Lair:2)
  5 skeletal warriors
  Pikel (D:7)
  4 lindwurms (Volcano)
  A deep elf pyromancer (D:8)
  An ugly thing (D:8)
  A manticore (D:10)
  A cyclops (D:10)
  2 smoke demons (Volcano)
  A gargoyle (D:11)
  Psyche (D:8)
  An unseen horror (D:11)
  4 cane toads
  2 torpor snails (Lair:2)
  2 rime drakes
  An efreet (D:9)
  4 komodo dragons
  3 trolls
  6 dream sheep (Lair:1)
  10 blink frogs
  2 wraiths (D:11)
  A wyvern (D:4)
  2 basilisks
  9 steam dragons
  38 yaks
  4 vampire mosquitoes
  2 acid dragons
  2 hell hounds (Volcano)
  5 water moccasins
  4 orc warriors
  A sky beast (D:6)
  A black bear (D:6)
  5 ogres
  4 centaurs
  12 wolves
  2 phantoms (D:5)
  A kobold brigand (D:8)
  9 bullfrogs
  A gnoll sergeant (D:7)
  4 killer bees
  8 wights
  4 howler monkeys
  2 electric eels
  5 centaur zombies
  A crimson imp (D:3)
  3 jellies
  A bullfrog zombie (D:4)
  A centaur skeleton (D:4)
  2 orc priests
  3 hounds
  Jessica (D:1)
  2 iguanas
  Terence (D:2)
  5 orc wizards
  3 hell rats (Lair:5)
  2 killer bee zombies
  A hound zombie (D:5)
  10 adders
  8 gnolls
  4 white imps
  2 worms (D:2)
  A dart slug (D:2)
  10 orcs
  6 bats
  7 endoplasms
  3 giant cockroaches
  7 hobgoblins
  4 quokkas
  7 ball pythons
  2 frilled lizards
  10 goblins
  A goblin skeleton (D:3)
  2 goblin zombies (D:3)
  2 hobgoblin zombies (D:3)
  15 kobolds
  3 kobold skeletons (D:3)
  2 kobold zombies (D:3)
  An orc skeleton (D:3)
  4 rats
326 creatures vanquished.

Vanquished Creatures (collateral kills)
  A hydra (Lair:2)
  2 cane toads
  A blink frog (Lair:4)
  A basilisk (Lair:4)
  2 yaks (Lair:2)
  A vampire mosquito (Lair:2)
  A water moccasin (Lair:2)
  4 wolves
  2 hell rats (Lair:5)
15 creatures vanquished.

Vanquished Creatures (others)
  An orc priest (D:11)
  5 orcs
  14 fungi
  5 plants
25 creatures vanquished.

Grand Total: 366 creatures vanquished

Notes
Turn   | Place    | Note
-------+----------+-------------------------------------------
     0 | D:1      | avis the Hill Orc Transmuter began the quest for the Orb.
     0 | D:1      | Reached XP level 1. HP: 16/16 MP: 3/3
   304 | D:1      | Reached XP level 2. HP: 14/24 MP: 2/4
   488 | D:1      | Reached skill level 1 in Stealth
   497 | D:1      | Found Teqan's Antique Weapon Shop.
   780 | D:1      | Found a faded altar of an unknown god.
   982 | D:2      | Noticed Jessica
   989 | D:1      | Killed Jessica
   990 | D:1      | Reached XP level 3. HP: 16/31 MP: 3/5
  1465 | D:1      | Learned a level 3 spell: Spider Form
  2072 | D:2      | Noticed Terence
  2146 | D:2      | Reached XP level 4. HP: 20/38 MP: 1/6
  2694 | D:2      | Found Xiafig's Weapon Shoppe.
  3043 | D:2      | Killed Terence
  3270 | D:3      | Reached skill level 1 in Poison Magic
  3743 | D:3      | Reached XP level 5. HP: 41/45 MP: 6/8
  3919 | D:3      | Found a glowing golden altar of the Shining One.
  4638 | D:3      | Became a worshipper of Beogh the Brigand
  4920 | D:4      | Reached skill level 4 in Unarmed Combat
  4920 | D:4      | Reached skill level 1 in Invocations
  4939 | D:4      | Identified the ring of Sunlight {rF+ rC+ Str-3 Dex+6}
  5210 | D:4      | Reached XP level 6. HP: 51/51 MP: 5/9
  5860 | D:4      | Found a shimmering blue altar of Sif Muna.
  5872 | D:4      | Reached skill level 5 in Unarmed Combat
  6147 | D:4      | Reached * piety under Beogh
  6170 | D:4      | Noticed a wyvern
  6181 | D:4      | Killed a wyvern
  6182 | D:4      | Reached XP level 7. HP: 37/57 MP: 1/10
  6199 | D:4      | Learned a level 4 spell: Ice Form
  6535 | D:4      | Identified the +6 quarterstaff "Beastslayer" {venom, Int+4}
  6744 | D:5      | Entered Level 5 of the Dungeon
  6893 | D:5      | Found a staircase to the Ecumenical Temple.
  6921 | D:5      | Reached skill level 1 in Ice Magic
  6950 | Temple   | Entered the Ecumenical Temple
  6981 | Temple   | Upgraded the game from 0.28-a0-1629-gf728b707aa to
                  | 0.28-a0-1638-g9123634e07
  7332 | D:5      | Reached XP level 8. HP: 43/63 MP: 12/12
  7476 | D:5      | Found an ancient bone altar of Kikubaaqudgha.
  7963 | D:5      | Upgraded the game from 0.28-a0-1638-g9123634e07 to
                  | 0.29-a0-2-g12fcac58f8
  8262 | D:6      | Noticed a komodo dragon
  8326 | D:6      | Reached ** piety under Beogh
  8457 | D:6      | Found a hide-covered altar of Uskayaw.
  8501 | D:6      | Killed a komodo dragon
  8801 | D:6      | Reached XP level 9. HP: 41/71 MP: 12/15
  9073 | D:6      | Reached skill level 6 in Unarmed Combat
  9159 | D:6      | Got the Handbook of the Snowflakes and the Volcanoes
  9187 | D:6      | Found a radiant altar of Vehumet.
  9319 | Temple   | Identified a scroll of acquirement
  9319 | Temple   | Acquired a staff of cold
  9355 | Temple   | Upgraded the game from 0.29-a0-2-g12fcac58f8 to
                  | 0.29-a0-9-g022ca4c890
  9358 | Temple   | Learned a level 2 spell: Wereblood
  9877 | D:7      | Found a hazy altar of Hepliaklqana.
  9886 | D:7      | Reached skill level 7 in Unarmed Combat
 10602 | D:7      | Reached skill level 5 in Fighting
 10756 | D:6      | Reached skill level 5 in Invocations
 11219 | D:7      | Reached skill level 8 in Unarmed Combat
 11219 | D:7      | Reached XP level 10. HP: 72/83 MP: 13/16
 11381 | D:7      | Found a basalt altar of Yredelemnul.
 11574 | D:7      | Noticed Pikel
 11583 | D:7      | Killed Pikel
 11584 | D:7      | Reached skill level 9 in Unarmed Combat
 12585 | D:8      | Noticed Psyche
 12596 | D:8      | Killed Psyche
 12944 | D:8      | Found a staircase to the Lair.
 12953 | D:8      | Noticed Harold
 12967 | D:8      | Killed Harold
 12968 | D:8      | Reached skill level 5 in Spellcasting
 13359 | D:8      | Noticed a deep elf pyromancer
 13523 | D:8      | Killed a deep elf pyromancer
 13524 | D:8      | Reached skill level 5 in Transmutations
 13644 | D:8      | Noticed a white ugly thing
 13655 | D:8      | Killed a white ugly thing
 13655 | D:8      | Reached *** piety under Beogh
 13656 | D:8      | Reached skill level 10 in Unarmed Combat
 13879 | Lair:1   | Entered Level 1 of the Lair of Beasts
 14005 | Lair:1   | Reached XP level 11. HP: 92/92 MP: 13/18
 14195 | Lair:1   | Noticed an eight-headed hydra
 14345 | Lair:1   | Reached skill level 11 in Unarmed Combat
 14480 | Lair:1   | Killed an eight-headed hydra
 14808 | D:8      | Learned a level 2 spell: Ensorcelled Hibernation
 15033 | Lair:1   | Reached skill level 12 in Unarmed Combat
 15555 | Lair:1   | Found a glowing silver altar of Zin.
 15556 | Lair:1   | You fall into a shaft and drop 1 floor!
 15556 | Lair:2   | Noticed a five-headed hydra
 15701 | Lair:1   | Reached skill level 13 in Unarmed Combat
 16280 | Lair:1   | Reached skill level 5 in Stealth
 16280 | Lair:1   | Reached skill level 1 in Armour
 16291 | Lair:1   | Reached XP level 12. HP: 79/104 MP: 16/19
 17348 | D:9      | You fall into a shaft and drop 3 floors!
 17373 | D:10     | Entered Level 10 of the Dungeon
 17452 | D:9      | Found a bloodstained altar of Trog.
 17824 | D:9      | Reached skill level 5 in Armour
 17952 | D:9      | Reached **** piety under Beogh
 17953 | D:9      | Found a white marble altar of Elyvilon.
 18309 | D:9      | Found a shimmering altar of Xom.
 18799 | D:2      | Bought the +5 scythe "Finisher" {speed, eviscerate} for 410
                  | gold pieces
 18799 | D:2      | Found the +5 scythe "Finisher" {speed, eviscerate}
 19238 | D:10     | Reached skill level 5 in Dodging
 19358 | D:10     | Learned a level 5 spell: Blade Hands
 19361 | D:10     | Found a broken altar of Ashenzari.
 19695 | D:10     | Noticed a death knight
 19706 | D:10     | Killed a death knight
 19994 | D:10     | Noticed a fire dragon
 20179 | D:10     | Killed a fire dragon
 21313 | D:9      | Gained mutation: You are frail. (-10% HP) [mutagenic glow]
 22754 | D:11     | Found a staircase to the Orcish Mines.
 22763 | D:11     | Identified the +5 ring mail of the Sacrificial Victim {+Inv
                  | rCorr Dex-5 SInv}
 22793 | D:11     | Reached XP level 13. HP: 27/95 MP: 19/22
 23610 | D:11     | Learned a level 7 spell: Dragon Form
 23641 | D:11     | Acquired the ring "Ulimiazu" {Fly SInv Stlth+}
 23693 | D:11     | Identified the +7 falchion "Immeal" {vorpal, rPois Int+3}
 23731 | D:11     | Found a roughly hewn altar of Beogh.
 24716 | Lair:2   | Found a glowing golden altar of the Shining One.
 24812 | Lair:2   | Found a staircase to the Swamp.
 25337 | Lair:3   | Found a staircase to the Snake Pit.
 25815 | Lair:3   | Reached ***** piety under Beogh
 26771 | Lair:4   | Found a dark tunnel.
 26789 | Volcano  | Entered a volcano
 27340 | Volcano  | Noticed a fire dragon
 27356 | Volcano  | Killed a fire dragon
 27852 | Lair:4   | Found a shimmering altar of Xom.
 28824 | Lair:5   | Identified the +6 spear "Impbane" {vamp, Will- Str+4 Int+7}
 28899 | Lair:5   | HP: 3/116 [hell rat (16)]
 28901 | Lair:4   | HP: 1/116 [hell rat (12)]
 28901 | Lair:4   | Slain by a hell rat

Illustrated notes

Levels and vault maps discovered:
D:1:      minmay_arrival_shoal_huts, layout_basic, serial_shops, shop,
          hellmonk_ecumenical_altar_arch_garden
D:2:      layout_basic, serial_shops, nicolae_shop_waterfront, uniq_jessica,
          uniq_terence
D:3:      layout_loops_corners, nicolae_tso_besieged_by_evil
D:4:      minmay_octagon_keep, layout_basic, nicolae_overflow_crystal_walls
D:5:      layout_loops_ring, kiku_gazebo_garden_becter,
          minmay_temple_entry_grid, serial_aquarium, aquarium_bridge_straight
          [aquarium_subvault_bridge, aquarium_subvault_wall,
          aquarium_subvault_bridge, aquarium_subvault_balcony],
          aquarium_window_corner, aquarium_window_1, aquarium_window_2,
          aquarium_view_2f, aquarium_view_2e
D:6:      layout_rooms, lemuel_coloured_pillars_altar, lemuel_crystal_altar
D:7:      layout_rooms, kennysheep_mini_moat, overflow_temple_1_default,
          uniq_pikel
D:8:      layout_loops_ring, lair_entry_dummy, uniq_psyche, uniq_harold
D:9:      layout_loops_cross, marbit_many_paths, lemuel_doored_altar,
          nicolae_elyvilon_temple_path, serial_aquarium,
          aquarium_bridge_straight [aquarium_subvault_bridge,
          aquarium_subvault_wall, aquarium_subvault_bridge,
          aquarium_subvault_window], aquarium_window_corner, aquarium_window_2,
          aquarium_view_2e, aquarium_balcony_double_1
D:10:     dragon1_lemuel, layout_basic, cheibrodos_ashenzari_chains
D:11:     layout_gridville, minmay_orc_entry_temple_small
D:12:     layout_loops_ring
Temple:   minmay_temple_curvy_loop
Lair:1:   layout_cave_pods, basic_altar, grunt_megastairs_5
Lair:2:   layout_misc_corridors, minmay_swamp_entry_swarm, basic_altar,
          grunt_megastairs_2, infiniplex_staircase_pool
Lair:3:   layout_cave_pods, dummy_snake_entry, chequers_serial_rivers_small_a,
          serial_bayou_shore_b
Lair:4:   layout_roguey, basic_altar, enter_volcano_1
Lair:5:   layout_cave_pods, slime_altar_1, grunt_megastairs_1

Skill      XL: |  1  2  3  4  5  6  7  8  9 10 11 12 13 |
---------------+----------------------------------------+-----
Fighting       | 2 3 4 6 7 9 |  9.0
Stealth        | 1 2 4 5 |  5.0
Transmutations | 2 3 4 5 7 9 |  9.6
Spellcasting   | 2 3 4 5 6 8 |  8.0
Poison Magic   | 1 2 |  2.0
Unarmed Combat | 4 5 8 10 13 | 13.0
Invocations    | 1 2 3 5 |  5.0
Dodging        | 2 3 5 |  5.0
Ice Magic      | 3 4 |  4.0
Armour         | 3 5 |  5.0

Action                   |  1- 3 |  4- 6 |  7- 9 | 10-12 | 13-15 || total
-------------------------+-------+-------+-------+-------+-------++-------
Melee: Unarmed           |    58 |   152 |   190 |   405 |   204 ||  1009
       Kick              |    11 |    25 |    11 |       |       ||    47
       Punch             |     2 |     2 |       |     7 |    11 ||    22
       Headbutt          |     3 |    14 |     3 |       |       ||    20
       Quarterstaff      |       |       |    31 |     7 |       ||    38
       Staff             |       |       |       |     1 |       ||     1
 Fire: Hunting sling     |       |     7 |       |       |       ||     7
 Cast: Beastly Appendage |    18 |    25 |    10 |       |       ||    53
       Spider Form       |     3 |    24 |    25 |     1 |       ||    53
       Ice Form          |       |       |     9 |    59 |    26 ||    94
       Ensorcelled Hiber |       |       |       |     1 |       ||     1
       Blade Hands       |       |       |       |    10 |    12 ||    22
Invok: Convert to Beogh  |       |     1 |       |       |       ||     1
       Smiting           |       |       |       |     1 |       ||     1
       Recall Orcish Fol |       |       |       |       |     1 ||     1
 Abil: End Transformatio |       |       |       |       |     3 ||     3
  Use: Scroll            |       |     2 |    11 |     5 |     5 ||    23
       Potion            |       |       |     2 |       |     4 ||     6
 Stab: Sleeping          |     2 |     4 |     4 |    12 |     6 ||    28
       Distracted        |       |       |       |     1 |     4 ||     5
Armor: Robe              |    10 |     8 |     8 |       |       ||    26
       Skin              |     1 |     3 |    19 |    88 |    22 ||   133
       Steam dragon scal |       |       |       |    11 |    18 ||    29
Dodge: Dodged            |    31 |    98 |   161 |   175 |   108 ||   573

Table legend: (Time is in decaauts)
 A = Elapsed time spent in this place.
 B = Non-inter-level travel time spent in this place.
 C = Inter-level travel time spent in this place.
 D = Time resting spent in this place.
 E = Time spent auto-exploring this place.
 F = Levels seen in this place.
 G = Mean time per level.
                   A        B        C        D        E       F      G
               +--------+--------+--------+--------+--------+-----+--------+
         Total |  28851 |  26167 |   2684 |  11131 |   9340 |  19 | 1518.5 |
       Dungeon |  20998 |  19008 |   1990 |   8795 |   6541 |  12 | 1749.8 |
        Temple |    208 |    203 |      5 |    145 |      0 |   1 |  208.0 |
          Lair |   6837 |   6149 |    688 |   1698 |   2799 |   5 | 1367.4 |
       Volcano |    806 |    806 |      0 |    493 |      0 |   1 |  806.0 |
               +--------+--------+--------+--------+--------+-----+--------+

Top non-repeatable levels by time:
  Lair:1: 3051 daAuts
    D:10: 2550 daAuts
     D:6: 2482 daAuts
     D:9: 2269 daAuts
     D:3: 1973 daAuts
     D:5: 1880 daAuts
     D:4: 1808 daAuts
     D:1: 1750 daAuts
     D:8: 1709 daAuts
     D:2: 1613 daAuts
     D:7: 1483 daAuts
    D:11: 1463 daAuts
  Lair:3: 1406 daAuts
  Lair:2: 1210 daAuts
  Lair:4: 1129 daAuts
